 Dungeon Crawl Stone Soup version 0.26-a0-784-g51bffae0b1 (webtiles) character file.

Game seed: 4399289443986108617

15295 Kinoniko the Carver (level 12, -2/107 HPs)
             Began as a Black Draconian Berserker on Nov 10, 2020.
             Was a High Priest of Trog.
             Engulfed by an efreet's flame (20 damage)
             ... on level 2 of the Abyss.
             The game lasted 00:16:36 (12977 turns).

Kinoniko the Carver (Black Draconian Berserker)    Turns: 12977, Time: 00:16:36

Health: -2/107     AC: 17    Str: 21    XL:     12   Next: 0%
Magic:  0/4        EV: 12    Int:  8    God:    Trog [*****.]
Gold:   1594       SH: 19    Dex: 18    Spells: 11/11 levels left

rFire    . . .     SeeInvis .   E - +5 demon blade (antimagic)
rCold    + . .     Faith    .   s - +0 tower shield {AC+3}
rNeg     . . .     Spirit   +   (armour unavailable)
rPois    .         Reflect  .   (helmet restricted)
rElec    +         Harm     .   n - +0 cloak
rCorr    .         Rampage  .   o - +0 pair of gloves
MR       +....                  (no boots)
Stlth    ++........             J - amulet of the Elephant {Spirit MR+ Dex+4}
HPRegen  0.27/turn              y - ring of protection from cold
MPRegen  0.09/turn              r - +4 ring of protection

@: lethally poisoned (-2 -> -2), short of breath, berserk cooldown, very
slightly contaminated, slowed, studying 2 skills, invisible, very slow
A: breathe lightning, unfitting armour, electricity resistance, cold-blooded, AC
+8
a: Breathe Lightning, Berserk, Trog's Hand, Brothers in Arms, Renounce Religion


You were on level 2 of the Abyss.
You worshipped Trog.
Trog was extremely pleased with you.
You visited 2 branches of the dungeon, and saw 12 of its levels.
You visited the Abyss 1 time.
You also visited: Sewer.

You collected 1594 gold pieces.

Inventory:

Hand Weapons
 A - a cursed +4 long sword of freezing
 E - a +5 antimagic demon blade (weapon)
 F - a +0 scimitar
Armour
 h - a +0 tower shield
 n - a +0 cloak (worn)
 o - a +0 pair of gloves (worn)
 s - a +0 tower shield of protection (worn)
Jewellery
 m - an uncursed ring of see invisible
 r - a +4 ring of protection (right hand)
 w - an uncursed ring of ice
 y - a ring of protection from cold (left hand)
 J - the amulet of the Elephant (around neck) {Spirit MR+ Dex+4}
   (You found it on level 10 of the Dungeon)

   [amulet of guardian spirit]

   It causes incoming damage to be split between your health and magic.
   It affects your dexterity (+4).
   It affects your resistance to hostile enchantments.
 N - a cursed amulet of inaccuracy
Wands
 p - a wand of disintegration (8)
 x - a wand of iceblast (14)
 H - a wand of polymorph (6)
 Q - a wand of random effects (23)
Scrolls
 a - a scroll of fog
 d - 6 scrolls of amnesia
 e - 6 scrolls of teleportation
 f - 4 scrolls of remove curse
 l - 3 scrolls of fear
 B - 5 scrolls of identify
 D - a scroll of magic mapping
 I - 3 scrolls of summoning
 L - a scroll of enchant weapon {unknown}
 M - a scroll of blinking
Potions
 b - 4 potions of degeneration {unknown}
 c - 3 potions of might
 g - a potion of invisibility
 i - 5 potions of haste
 j - 2 potions of ambrosia
 k - 2 potions of cancellation
 q - 6 potions of flight
 t - a potion of curing {unknown}
 u - a potion of lignification
 v - 3 potions of mutation
 z - a potion of brilliance {unknown}
 C - a potion of attraction {unknown}
 G - a potion of heal wounds
Books
 O - a manual of Fighting
 P - a manual of Dodging
Miscellaneous
 K - a tin of tremorstones (2/2)


   Skills:
 + Level 10.5 Fighting
 * Level 12.3 Long Blades
 + Level 4.5 Dodging
 * Level 11.8 Shields
 - Level 3.0 Evocations


You had 11 spell levels left.
You didn't know any spells.
Your spell library contained the following spells:

 Spells                   Type           Power        Failure   Level
 Corona                   Hex            #......      94%         1
 Magic Dart               Conj           #...         94%         1
 Blink                    Tloc           N/A          98%         2
 Call Imp                 Summ           #.......     98%         2
 Slow                     Hex            #.......     98%         2
 Conjure Flame            Conj/Fire      #.......     100%        3
 Inner Flame              Hex/Fire       #.......     100%        3
 Mephitic Cloud           Conj/Pois/Air  #.......     100%        3
 Portal Projectile        Hex/Tloc       #.....       100%        3
 Cause Fear               Hex            #.........   100%        4
 Leda's Liquefaction      Hex/Erth       #.........   100%        4


Dungeon Overview and Level Annotations

Branches:
Dungeon (11/15)            Temple (0/1) D:4            Lair (1/6) D:10
    Orc (0/2) D:11          Sewer (visited)

Altars:
Fedhas
Gozag
Nemelex Xobeh
Okawaru
Sif Muna
Trog
Uskayaw
Wu Jian

Shops:
D:7 !=!

Annotations:
D:9 1 runed translucent door
Lair:1 2 transporters, Sonja; tape's ghost, journeyman OpVM


Innate Abilities, Weirdness & Mutations

You can breathe wild blasts of lightning.
Your glossy black scales are hard. (AC +8)
You cannot fit into any form of body armour.
You are resistant to electric shocks. (rElec)
You are cold-blooded and may be slowed by cold attacks.


Message History

[Y]es or [N]o only, please.
Really walk into that cloud of flame?
Okay, then.
You catch the helpless efreet completely off-guard!
You hit the efreet but do no damage. You block the efreet's attack.
You hit the efreet but do no damage.
You feel sick. You block the efreet's attack.
You catch the helpless efreet completely off-guard!
You slash the efreet!
The efreet's magic leaks into the air.
The efreet is moderately wounded.
Really walk into that cloud of flame? [Y]es or [N]o only, please.
Really walk into that cloud of flame? [Y]es or [N]o only, please.
Really walk into that cloud of flame? [Y]es or [N]o only, please.
Really walk into that cloud of flame? [Y]es or [N]o only, please.
Really walk into that cloud of flame?
You die...

....#.. #..
.......###?#
.........#.##
............#
..........##
...........#
#.........### .
.##....R..#
#...@#..#
#....#..#
.....#....♣ ..
..#............
...##....... .
#...
...#..#..#. .##
.#....#.##..
....#..##. #
##.# ##. ##


You could see an efreet.

Vanquished Creatures
  A two-headed ogre (D:9)
  An unseen horror (D:11)
  Pikel (D:5)
  An ugly thing (D:11)
  Joseph (D:9)
  A black mamba (Lair:1)
  A gargoyle (D:11)
  2 cane toads (Lair:1)
  2 komodo dragons (Lair:1)
  2 trolls
  A wyvern (Lair:1)
  A vampire (D:11)
  A shadow (D:9)
  Sigmund (D:6)
  3 wraiths (D:9)
  6 yaks
  4 fire bats (D:9)
  Grum (D:9)
  2 water moccasins
  10 orc warriors
  Purgy (Sewer)
  4 ice beasts
  2 sky beasts
  5 black bears
  An eye of draining (D:11)
  A necrophage (D:9)
  15 wolves
  7 ogres
  5 centaurs
  A lemure (D:5)
  13 bullfrogs
  A jelly (D:10)
  A wyvern skeleton (D:8)
  4 scorpions (D:9)
  20 wights
  5 killer bees (D:11)
  7 howler monkeys
  2 electric eels (Lair:1)
  2 bullfrog zombies
  3 hounds
  A quasit (D:8)
  A centaur zombie (D:5)
  11 orc wizards
  5 orc priests
  2 iguanas
  A bullfrog skeleton (D:8)
  4 worker ants
  A hound zombie (D:11)
  A hound skeleton (D:2)
  A howler monkey skeleton (D:5)
  5 gnolls
  2 worker ant zombies
  6 adders
  3 shadow imps
  A white imp (D:5)
  2 ufetubi
  An ooze (D:4)
  2 adder zombies
  4 adder skeletons
  A worm (D:5)
  4 leopard geckos
  34 orcs
  12 bats
  5 giant cockroaches
  5 hobgoblins
  2 jackals (D:8)
  2 quokkas (D:8)
  A ball python skeleton (D:2)
  4 frilled lizards
  4 goblins
  10 kobolds
  4 rats
285 creatures vanquished.

Vanquished Creatures (others)
  5 fungi
  17 plants
  A withered plant (D:2)
23 creatures vanquished.

Grand Total: 308 creatures vanquished

Notes
Turn   | Place    | Note
-------+----------+-------------------------------------------
     0 | D:1      | Kinoniko the Draconian Berserker began the quest for the
                  | Orb.
     0 | D:1      | Reached XP level 1. HP: 19/19 MP: 1/1
   289 | D:1      | Reached XP level 2. HP: 26/26 MP: 2/2
   966 | D:2      | Reached XP level 3. HP: 33/33 MP: 3/3
  1144 | D:2      | Reached skill level 1 in Shields
  1604 | D:3      | Reached skill level 4 in Long Blades
  1906 | D:3      | Reached XP level 4. HP: 26/40 MP: 4/4
  2278 | D:4      | Noticed an ogre
  2295 | D:4      | Reached ** piety under Trog
  2333 | D:4      | Killed an ogre
  2333 | D:4      | Reached XP level 5. HP: 24/46 MP: 5/5
  2630 | D:4      | Found a staircase to the Ecumenical Temple.
  2725 | D:4      | Reached skill level 5 in Long Blades
  3013 | D:4      | Reached XP level 6. HP: 53/53 MP: 6/6
  3095 | D:5      | Entered Level 5 of the Dungeon
  3110 | D:5      | Found a glowing drain.
  3273 | Sewer    | Entered a sewer
  3532 | Sewer    | Noticed Purgy
  3542 | Sewer    | Killed Purgy
  3670 | D:5      | Reached skill level 5 in Fighting
  3670 | D:5      | Your scales start taking on a glossy black colour.
  3670 | D:5      | Reached XP level 7. HP: 55/61 MP: 7/7
  3670 | D:5      | Gained mutation: You are resistant to electric shocks.
                  | (rElec) [Black Draconian growth]
  3768 | D:5      | Found a shimmering blue altar of Sif Muna.
  3769 | D:5      | Found a sparkling altar of Nemelex Xobeh.
  3785 | D:5      | Reached skill level 6 in Long Blades
  3926 | D:5      | Noticed Pikel
  3942 | D:5      | Killed Pikel
  3942 | D:5      | Reached skill level 7 in Long Blades
  3942 | D:5      | Reached skill level 5 in Shields
  3942 | D:5      | Reached XP level 8. HP: 51/70 MP: 8/8
  4686 | D:6      | Found a hide-covered altar of Uskayaw.
  4807 | D:6      | Noticed Sigmund
  4823 | D:6      | Killed Sigmund
  4823 | D:6      | Reached *** piety under Trog
  5043 | D:6      | Found an iron altar of Okawaru.
  5286 | D:7      | Found Zyohabb's Distillery.
  5301 | D:7      | Reached skill level 8 in Long Blades
  5373 | D:7      | Reached XP level 9. HP: 71/78 MP: 9/9
  5576 | D:7      | Found Qeik's Distillery.
  5597 | D:7      | Found Wutioh Goen's Jewellery Boutique.
  6231 | D:8      | Reached skill level 9 in Long Blades
  6413 | D:8      | Reached **** piety under Trog
  6844 | D:9      | Noticed Joseph
  6856 | D:9      | Killed Joseph
  6856 | D:9      | Reached XP level 10. HP: 68/88 MP: 10/10
  7282 | D:9      | Reached skill level 10 in Long Blades
  7730 | D:9      | Noticed a two-headed ogre
  7741 | D:9      | Killed a two-headed ogre
  7967 | D:9      | Reached skill level 10 in Shields
  8241 | D:9      | Found a bloodstained altar of Trog.
  8266 | D:9      | Found a runed translucent door.
  8272 | D:9      | Noticed a flayed ghost
  8289 | D:9      | Found a blossoming altar of Fedhas.
  8292 | D:9      | Found an ornate altar of the Wu Jian Council.
  8353 | D:9      | Found a sparkling altar of Nemelex Xobeh.
  8361 | D:9      | Found an opulent altar of Gozag.
  8369 | D:9      | Found an ornate altar of the Wu Jian Council.
  8378 | D:9      | Reached skill level 11 in Long Blades
  9020 | D:10     | Entered Level 10 of the Dungeon
  9020 | D:10     | Noticed Grum
  9027 | D:9      | Killed Grum
  9129 | D:10     | Reached XP level 11. HP: 85/97 MP: 11/11
  9137 | D:10     | Reached ***** piety under Trog
  9314 | D:10     | Got a slimy graven amulet
  9596 | D:10     | Found a staircase to the Lair.
  9983 | D:11     | Reached skill level 1 in Evocations
 10928 | D:11     | Noticed a brown ugly thing
 10937 | D:11     | Killed a brown ugly thing
 10981 | D:11     | Identified the amulet of the Elephant {Spirit MR+ Dex+4}
                  | (You found it on level 10 of the Dungeon)
 10988 | D:11     | Identified 3 scrolls of acquirement
 10989 | D:11     | Acquired a manual of Fighting
 10991 | D:11     | Acquired a manual of Dodging
 10993 | D:11     | Acquired 1001 gold pieces
 11027 | D:11     | Found a staircase to the Orcish Mines.
 11043 | D:11     | Received a gift from Trog
 11504 | D:11     | Noticed an unseen horror
 11516 | D:11     | Killed an unseen horror
 11768 | Lair:1   | Entered Level 1 of the Lair of Beasts
 11781 | Lair:1   | Reached skill level 12 in Long Blades
 11964 | Lair:1   | Reached skill level 10 in Fighting
 12152 | Lair:1   | Found a transporter.
 12152 | Lair:1   | Noticed tape's ghost (journeyman OpVM)
 12838 | Lair:1   | Found a transporter.
 12881 | Lair:1   | Reached XP level 12. HP: 107/107 MP: 4/12
 12944 | Lair:1   | Noticed Sonja
 12958 | Lair:1   | Cast into level 2 of the Abyss (Sonja)
 12977 | Abyss:2  | Engulfed by an efreet's flame

Illustrated notes

Levels and vault maps discovered:
D:1:      dpeg_arrival_arbitrary_b, layout_rooms, chequers_serial_rivers_micro_d
D:2:      layout_basic, serial_undead, serial_undead_c, serial_undead_e,
          serial_undead_d, serial_undead_e
D:3:      layout_rooms, wad_orctagon
D:4:      layout_basic, minmay_temple_entry_gardened_gates
D:5:      layout_loops_ring, gammafunk_temple_overflow_pools,
          cheibrodos_sewer_entry_drain, uniq_pikel
D:6:      layout_rooms, eat_drink_and_be_merry_uskayaw,
          okawaru_altar_gauntlet_db, uniq_sigmund
D:7:      layout_loops_cross, serial_shops, shop, shop, nicolae_shop_crystal
D:8:      layout_cave_pools, kennysheep_small_square
D:9:      due_megacathedral, layout_long_grid, uniq_joseph
D:10:     layout_roguey, grunt_lair_entry_orc_guard_hut, uniq_grum
D:11:     layout_roguey, david_orc_1_choice
Lair:1:   beast_lair_carwin_large_4, layout_cave_pods, gammafunk_ghost_arena,
          serial_bayou_shore_a, grunt_megastairs_4, uniq_sonja
Abyss:2:  base:
D:9

Skill      XL: |  1  2  3  4  5  6  7  8  9 10 11 |
---------------+----------------------------------+-----
Shields        | 1 2 3 4 5 7 8 10 11 | 11.8
Long Blades    | 4 5 7 8 9 11 12 | 12.3
Fighting       | 4 5 6 7 9 10 | 10.5
Evocations     | 3 |  3.0
Dodging        | 4 |  4.5

Action                   |  1- 3 |  4- 6 |  7- 9 | 10-12 || total
-------------------------+-------+-------+-------+-------++-------
Melee: Falchion          |   102 |   143 |   142 |       ||   387
       Tailslap          |    13 |    25 |    50 |   115 ||   203
       Scimitar          |       |       |   186 |   495 ||   681
       Demon blade       |       |       |       |   141 ||   141
Invok: Berserk           |     2 |     6 |     7 |    12 ||    27
 Abil: Breathe Lightning |       |       |     4 |     1 ||     5
  Use: Scroll            |     1 |    14 |     5 |     7 ||    27
       Potion            |       |       |       |     3 ||     3
 Stab: Sleeping          |       |     2 |     1 |     1 ||     4
       Invisible         |       |       |       |     3 ||     3
Armor: Skin              |    28 |    45 |   115 |   213 ||   401
Dodge: Dodged            |    41 |    37 |    82 |   177 ||   337
Block: Tower shield      |    67 |   126 |   254 |   598 ||  1045
       Rpst.: Falchion   |    16 |    10 |     8 |       ||    34
       Scimitar          |       |       |    17 |    33 ||    50
       Demon blade       |       |       |       |    18 ||    18

Table legend: (Time is in decaauts)
 A = Elapsed time spent in this place.
 B = Non-inter-level travel time spent in this place.
 C = Inter-level travel time spent in this place.
 D = Time resting spent in this place.
 E = Time spent auto-exploring this place.
 F = Levels seen in this place.
 G = Mean time per level.
                   A        B        C        D        E       F      G
               +--------+--------+--------+--------+--------+-----+--------+
         Total |  13257 |  12918 |    339 |   3767 |   6909 |  14 |  946.9 |
       Dungeon |  11648 |  11310 |    338 |   3080 |   6205 |  11 | 1058.9 |
          Lair |   1186 |   1186 |      0 |    447 |    589 |   1 | 1186.0 |
         Abyss |     27 |     27 |      0 |     10 |      0 |   1 |   27.0 |
         Sewer |    395 |    395 |      0 |    229 |    114 |   1 |  395.0 |
               +--------+--------+--------+--------+--------+-----+--------+

Top non-repeatable levels by time:
     D:9: 2305 daAuts
    D:11: 1815 daAuts
     D:5: 1251 daAuts
  Lair:1: 1186 daAuts
     D:4: 950 daAuts
     D:8: 941 daAuts
    D:10: 869 daAuts
     D:2: 755 daAuts
     D:1: 753 daAuts
     D:3: 735 daAuts
     D:7: 687 daAuts
     D:6: 582 daAuts
   Sewer: 395 daAuts
 Abyss:2: 27 daAuts
